 Dungeon Crawl Stone Soup version 0.31-a0-667-g39726597b9 (webtiles) character file.

Game seed: 1666659804915726313

28185 elmdor the Bludgeoner (level 13, 0/178 HPs)
             Began as a Minotaur Hedge Wizard on Jan 16, 2021.
             Was an Elder of Makhleb.
             Slain by a skyshark (6 damage)
             ... on level 1 of the Lair of Beasts on Sept 4, 2023.
             The game lasted 01:02:43 (13724 turns).

elmdor the Bludgeoner (Minotaur Hedge Wizard)      Turns: 13724, Time: 01:02:45

Health: 0/178      AC: 26    Str: 19    XL:     13   Next: 8%
Magic:  15/15      EV:  2    Int: 11    God:    Makhleb [****..]
Gold:   567        SH:  0    Dex: 17    Spells: 15/16 levels left

rFire   . . .        C - +2 dire flail (heavy)
rCold   . . .        (shield currently unavailable)
rNeg    + . .        j - melded +2 chain mail {rC+}
rPois   +            c - melded +2 hat
rElec   .            N - melded +2 cloak
rCorr   .            e - melded +2 pair of gloves
SInv    .            L - melded +1 pair of boots
Will    .....        F - amulet of regeneration
Stlth   ++           m - ring of Zifol {Wiz +Blink rPois rN+}
HPRegen 1.29/turn    M - +6 ring of dexterity
MPRegen 0.14/turn

%: wizardry (x1)
@: tree-form, hasted, very quick
A: stationary, stasis, torment immunity, boosted hp, (horns 2), (retaliatory
headbutt)
a: Renounce Religion, Evoke Blink, Minor Destruction, Lesser Servant of Makhleb,
Major Destruction


You were on level 1 of the Lair of Beasts.
You worshipped Makhleb.
Makhleb was greatly pleased with you.
You were a tree.
You visited 3 branches of the dungeon, and saw 15 of its levels.
You also visited: Sewer.

You collected 784 gold pieces.
You spent 217 gold pieces at shops.

Inventory:

Hand Weapons
 C - a +2 heavy dire flail (weapon)
Missiles
 a - 29 stones
 b - 13 boomerangs
 r - a curare-tipped dart
 v - 6 silver javelins (quivered)
Armour
 c - a +2 hat (melded)
 e - a +2 pair of gloves (melded)
 j - a +2 chain mail of cold resistance (melded)
 L - a +1 pair of boots (melded)
 N - a +2 cloak (melded)
Jewellery
 m - the ring of Zifol (left branch) {Wiz +Blink rPois rN+}
   (You found it on level 12 of the Dungeon)

   [ring of wizardry]

   Wiz:       It improves your spell success rate.
   rPois:     It protects you from poison rN+: It protects you from negative
   energy.
   +Blink:    It lets you blink.
 F - an amulet of regeneration (around neck)
 G - a ring of fire
 M - a +6 ring of dexterity (right branch)
Wands
 d - a wand of paralysis (2)
 i - a wand of quicksilver (10)
 k - a wand of iceblast (5)
 z - a wand of digging (9)
Scrolls
 o - a scroll of amnesia {unknown}
 p - a scroll of acquirement {unknown}
 q - a scroll of poison {unknown}
 t - 2 scrolls of vulnerability {unknown}
 w - 6 scrolls of teleportation
 x - 4 scrolls of fog
 y - 2 scrolls of immolation
 A - 3 scrolls of revelation
Potions
 f - a potion of brilliance
 g - 10 potions of lignification
 h - 4 potions of haste
 l - 7 potions of curing
 n - 3 potions of enlightenment {unknown}
 s - 3 potions of invisibility {unknown}
 u - 3 potions of attraction
 B - 3 potions of might
 D - 9 potions of ambrosia
 E - a potion of berserk rage {unknown}
 I - 3 potions of heal wounds {unknown}


   Skills:
 * Level 12.4 Fighting
 + Level 15.6 Maces & Flails
 * Level 13.3 Armour
 + Level 9.7 Dodging
 - Level 1.5 Stealth
 - Level 5.0 Shields
 - Level 2.1 Spellcasting
 - Level 0.6 Conjurations
 - Level 0.6 Summonings
 - Level 0.6 Translocations


You had 15 spell levels left.
You knew the following spells:

 Your Spells              Type           Power      Damage    Failure   Level
a - Magic Dart            Conj           8%         1d3       9%          1

Your spell library contained the following spells:

 Spells                   Type           Power      Damage    Failure   Level
 Apportation              Tloc           4%         N/A       9%          1
 Summon Small Mammal      Summ           8%         N/A       9%          1
 Animate Skeleton         Necr           2%         N/A       12%         1
 Corona                   Hex            1%         N/A       12%         1
 Pain                     Necr           4%         1d4       12%         1
 Slow                     Hex            4%         N/A       12%         1
 Sting                    Tmut/Pois      4%         1d3       12%         1
 Blink                    Tloc           4%         N/A       14%         2
 Call Imp                 Summ           4%         N/A       14%         2
 Lesser Beckoning         Tloc           4%         N/A       14%         2
 Momentum Strike          Conj/Tloc      4%         3d8       14%         2
 Poisonous Vapours        Pois/Air       2%         N/A       17%         2
 Wereblood                Tmut           1%         N/A       17%         2
 Gell's Gravitas          Tloc           2%         N/A       26%         3
 Teleport Other           Tloc           2%         N/A       26%         3
 Confusing Touch          Hex            1%         N/A       32%         3
 Mephitic Cloud           Conj/Pois/Air  1%         N/A       32%         3
 Tukima's Dance           Hex            1%         N/A       32%         3
 Vampiric Draining        Necr           1%         2d6       32%         3
 Animate Armour           Summ/Erth      2%         N/A       65%         4
 Summon Lightning Spire   Summ/Air       1%         N/A       65%         4
 Animate Dead             Necr           1%         N/A       71%         4
 Summon Mana Viper        Hex/Summ       1%         N/A       93%         5
 Agony                    Necr           1%         N/A       95%         5
 Freezing Cloud           Conj/Ice/Air   0%         6-21      95%         5
 Lee's Rapid Deconstruct  Erth           0%         3d4*      95%         5
 Dispersal                Tloc           1%         N/A       100%        6


Dungeon Overview and Level Annotations

Branches:
Dungeon (12/15)            Temple (1/1) D:5            Lair (2/6) D:10
    Orc (0/2) D:12          Sewer (visited)
  Swamp: Lair:2-3    Shoals: Lair:2-3     Snake: Lair:2-3    Spider: Lair:2-3

Altars:
Ashenzari
Cheibriados
Dithmenos
Elyvilon
Fedhas
Gozag
Hepliaklqana
Kikubaaqudgha
Makhleb
Nemelex Xobeh
Okawaru
Qazlal
Ru
Sif Muna
Trog
Uskayaw
Vehumet
Wu Jian
Xom
Yredelemnul
Zin
The Shining One

Shops:
D:6 [


Innate Abilities, Weirdness & Mutations

You are a tree.
Your roots penetrate the ground, keeping you stationary.
You cannot be teleported.
You are immune to unholy pain and torment.
Your maximum health is greatly increased.
Your equipment is partially melded.
((You have a pair of horns on your head.))
((You reflexively headbutt those who attack you in melee.))


Message History

The skyshark misses you.
You turn into a tree.
Your +2 cloak melds into your body.
Your +2 hat melds into your body.
Your +2 pair of gloves melds into your body.
Your +1 pair of boots melds into your body.
Your +2 chain mail of cold resistance melds into your body.
You feel less resistant to cold.
Your roots penetrate the ground.
The skyshark barely misses you. The skyshark tail-slaps you.
The skyshark tail-slaps you but does no damage.
You puncture the skyshark!
The skyshark is heavily wounded.
The skyshark bites you!
* * * LOW HITPOINT WARNING * * *
The skyshark tail-slaps you but does no damage.
The skyshark tail-slaps you.
* * * LOW HITPOINT WARNING * * *
You puncture the skyshark!
The skyshark is heavily wounded.
The skyshark bites you but does no damage.
The skyshark tail-slaps you!
* * * LOW HITPOINT WARNING * * *
The skyshark tail-slaps you but does no damage.
You puncture the skyshark!
The skyshark is severely wounded.
The skyshark bites you but does no damage.
The skyshark tail-slaps you!
* * * LOW HITPOINT WARNING * * *
The skyshark tail-slaps you but does no damage.
You hit the skyshark.
The skyshark is severely wounded.
The skyshark bites you!
* * * LOW HITPOINT WARNING * * *
The skyshark tail-slaps you but does no damage. x2
You bludgeon the skyshark!!
The skyshark is almost dead.
The skyshark bites you!!
* * * LOW HITPOINT WARNING * * *
The skyshark tail-slaps you but does no damage.
The skyshark tail-slaps you.
You die...

....###........#.................
...#......##....#.............##.
..#.....##.##...#.####..####..###
....8..###..#....## #...##...#
.....### #..#....# ###..###...###
...#...###.......###.#..# ##..#..
............###..#......####.....
..............#...#..............
............###.♣l#.#######..####
####..####..# #...#.# #..# #
#..## #..# ###...## #..# #..P#
#..# ##..P# #..# #..## #..#
##...# #..#### ####..## #..#
#P..## ##...#.. .......# #..#
##..# #....... #####.## ##.# ##.#
######## ### ### ###


You could see a skyshark (berserk).

Vanquished Creatures
  Josephine (D:9)
  A centaur warrior (D:12)
  2 two-headed ogres
  A boulder beetle (D:12)
  A skeletal warrior (D:12)
  A lindwurm (Lair:1)
  A deep elf pyromancer (D:12)
  A wolf spider (D:12)
  Pikel (D:6)
  A manticore (D:10)
  3 cyclopes
  3 ugly things (D:12)
  Maurice (D:8)
  3 black mambas
  3 gargoyles
  4 cane toads (Lair:1)
  2 kobold demonologists (D:11)
  2 unseen horrors
  5 trolls
  5 komodo dragons
  A hornet (D:9)
  A queen bee (Lair:1)
  Prince Ribbit (D:9)
  4 blink frogs (Lair:1)
  4 slime creatures (D:12)
  2 wyverns
  9 wraiths
  11 yaks
  6 steam dragons
  2 wargs (D:11)
  2 phantoms
  4 acid dragons
  4 water moccasins
  Pargi (Sewer)
  2 black bears
  2 sky beasts (D:7)
  3 orc warriors
  3 ogres (D:6)
  11 centaurs
  11 wolves (Lair:1)
  4 bullfrogs
  A gnoll sergeant (D:12)
  3 kobold brigands
  A wyvern skeleton (D:6)
  2 scorpions
  6 wights
  27 killer bees
  6 howler monkeys
  6 hounds
  A centaur skeleton (D:6)
  12 orc priests
  A sleepcap (D:7)
  An iguana (D:7)
  9 orc wizards
  4 removed worker ants
  2 ghosts (D:6)
  A hound zombie (D:5)
  A hound skeleton (D:5)
  A howler monkey skeleton (D:6)
  4 gnolls (D:12)
  4 adders
  A white imp (D:7)
  An ufetubus (D:5)
  4 worms
  50 orcs
  11 removed leopard geckos
  8 giant cockroaches
  7 goblins
  11 hobgoblins
  4 jackals (D:2)
  4 quokkas
  5 ball pythons
  A ball python skeleton (D:5)
  8 bats
  4 frilled lizards
  A giant cockroach zombie (D:5)
  20 kobolds
  12 rats
375 creatures vanquished.

Vanquished Creatures (others)
  An orc (D:8)
1 creature vanquished.

Grand Total: 376 creatures vanquished

Notes
Turn   | Place    | Note
-------+----------+-------------------------------------------
     0 | D:1      | elmdor the Minotaur Hedge Wizard began the quest for the
                  | Orb.
     0 | D:1      | Reached XP level 1. HP: 14/14 MP: 2/2
    72 | D:1      | Reached skill level 1 in Fighting
   182 | D:1      | Reached skill level 1 in Armour
   205 | D:1      | Reached XP level 2. HP: 22/23 MP: 4/4
  1085 | D:2      | Reached XP level 3. HP: 21/30 MP: 5/5
  2181 | D:3      | Found a faded altar of an unknown god.
  2198 | D:3      | Reached XP level 4. HP: 35/38 MP: 6/6
  2568 | D:3      | Found a glowing drain.
  2579 | Sewer    | Entered a sewer
  2727 | Sewer    | Noticed Purgy
  2742 | Sewer    | Killed Purgy
  2743 | Sewer    | Reached skill level 2 in Maces & Flails
  2743 | Sewer    | Reached XP level 5. HP: 35/46 MP: 7/7
  3019 | D:3      | Noticed a centaur
  3037 | D:3      | Killed a centaur
  3038 | D:3      | Reached skill level 3 in Maces & Flails
  3038 | D:3      | Reached XP level 6. HP: 23/53 MP: 8/8
  3728 | D:4      | Reached skill level 4 in Maces & Flails
  4082 | D:3      | Reached skill level 5 in Fighting
  4097 | D:4      | Reached skill level 5 in Armour
  4097 | D:4      | Reached XP level 7. HP: 54/61 MP: 9/9
  4384 | D:4      | Found a sparkling altar of Nemelex Xobeh.
  4393 | D:4      | Reached skill level 5 in Maces & Flails
  4500 | D:5      | Entered Level 5 of the Dungeon
  4863 | D:5      | Reached skill level 6 in Maces & Flails
  5131 | D:5      | Found a staircase to the Ecumenical Temple.
  5141 | Temple   | Entered the Ecumenical Temple
  5545 | D:6      | Reached XP level 8. HP: 70/70 MP: 10/10
  5580 | D:6      | Reached skill level 7 in Maces & Flails
  5632 | D:6      | Upgraded the game from 0.27-a0-93-g19769c27d7 to
                  | 0.31-a0-667-g39726597b9
  5860 | D:6      | Found Otsib's Antique Armour Boutique.
  5920 | D:6      | Reached skill level 8 in Maces & Flails
  6036 | D:6      | Identified the +1 leather armour "Kuihock" {rC+}
  6062 | D:6      | Found a sacrificial altar of Ru.
  6440 | D:7      | Noticed Pikel
  6453 | D:6      | Found a burning altar of Makhleb.
  6453 | D:6      | Found a shimmering altar of Xom.
  6453 | D:6      | Found a hazy altar of Hepliaklqana.
  6468 | D:6      | Killed Pikel
  6469 | D:6      | Reached skill level 9 in Maces & Flails
  6469 | D:6      | Reached XP level 9. HP: 70/78 MP: 11/11
  6487 | D:6      | Became a worshipper of Makhleb the Destroyer
  6572 | D:6      | Found a shadowy altar of Dithmenos.
  6573 | D:6      | Found an iron altar of Okawaru.
  6573 | D:6      | Found a sacrificial altar of Ru.
  6749 | D:7      | Found an opulent altar of Gozag.
  6857 | D:7      | Reached skill level 10 in Maces & Flails
  7122 | D:7      | Reached skill level 11 in Maces & Flails
  7270 | D:7      | Reached * piety under Makhleb
  7499 | D:8      | Noticed Maurice
  7565 | D:8      | Killed Maurice
  7964 | D:8      | Reached skill level 12 in Maces & Flails
  7964 | D:8      | Reached XP level 10. HP: 52/86 MP: 12/12
  8778 | D:9      | Reached skill level 10 in Armour
  8985 | D:6      | Bought a glowing chain mail for 217 gold pieces
  9371 | D:9      | Reached skill level 13 in Maces & Flails
  9468 | D:9      | Noticed Prince Ribbit
  9474 | D:9      | Killed Prince Ribbit
  9475 | D:9      | Reached skill level 5 in Dodging
  9771 | D:10     | Entered Level 10 of the Dungeon
  9774 | D:10     | Noticed a two-headed ogre
  9879 | D:11     | Reached ** piety under Makhleb
  9895 | D:11     | Killed a two-headed ogre
 10124 | D:10     | Reached XP level 11. HP: 95/95 MP: 13/13
 10246 | D:10     | Noticed Josephine
 10311 | D:9      | Killed Josephine
 10522 | D:10     | Found a staircase to the Lair.
 10749 | D:11     | Reached skill level 1 in Shields
 10886 | D:11     | Found a white marble altar of Elyvilon.
 11204 | D:11     | Reached skill level 5 in Shields
 11219 | D:11     | Reached skill level 14 in Maces & Flails
 11728 | D:12     | Found a staircase to the Orcish Mines.
 11757 | D:12     | Noticed a deep elf pyromancer
 11764 | D:12     | Killed a deep elf pyromancer
 11765 | D:12     | Reached skill level 10 in Fighting
 11835 | D:12     | Noticed a wolf spider
 11846 | D:12     | Killed a wolf spider
 12168 | D:12     | Noticed a brown ugly thing
 12176 | D:12     | Killed a brown ugly thing
 12186 | D:12     | Reached XP level 12. HP: 96/107 MP: 14/14
 12243 | D:12     | Identified the ring of Zifol {Wiz +Blink rPois rN+}
 12329 | D:12     | Noticed a boulder beetle
 12331 | D:12     | Reached *** piety under Makhleb
 12337 | D:12     | Killed a boulder beetle
 12346 | D:12     | Noticed a two-headed ogre
 12351 | D:12     | Killed a two-headed ogre
 12360 | D:12     | Noticed a centaur warrior
 12364 | D:12     | Killed a centaur warrior
 12375 | D:12     | Reached skill level 15 in Maces & Flails
 12504 | Lair:1   | Entered Level 1 of the Lair of Beasts
 12777 | Lair:1   | Reached **** piety under Makhleb
 13148 | Lair:1   | Reached XP level 13. HP: 118/118 MP: 15/15
 13605 | Lair:1   | Got the Handbook of the Figure and Fascination
 13724 | Lair:1   | HP: 6/178 [skyshark (20)]
 13724 | Lair:1   | Slain by a skyshark

Illustrated notes

Levels and vault maps discovered:
D:1:      mrwooster_arrival_arrow, layout_basic
D:2:      layout_loops_ring, mrwooster_statue_mirror, kennysheep_small_spiral,
          minmay_tromino_v7
D:3:      layout_loops_ring, chequers_ecumenical_altar_island,
          portal_sewer_entry_e, lightli_corner_chamber
D:4:      layout_rooms, nicolae_overflow_crystal_walls
D:5:      layout_cave_pods, temple_hall
D:6:      layout_loops_cross, chequers_temple_overflow_statue_of_worship,
          gammafunk_temple_overflow_forgotten, basic_altar, serial_shops, shop,
          kennysheep_pointless_box, grunt_tough_drop
D:7:      layout_basic, grunt_gozag_statues, uniq_pikel
D:8:      kennysheep_steamy, layout_basic, uniq_maurice
D:9:      minmay_spotlight, layout_irregular_city, uniq_prince_ribbit1
D:10:     layout_gridville, lair_entry_dummy, uniq_josephine
D:11:     layout_gridville, dreamdust_princess_bridge, elyvilon_altar_5
D:12:     layout_basic, david_orc_3, minmay_joined_circles
Temple:   zaba_magenta_temple
Lair:1:   layout_small_grid, special_room [special_room_bee],
          serial_bayou_shore_a, grunt_megastairs_4
Lair:2:   layout_regular_city, nicolae_swamp_entry_splash_gauntlet,
          hangedman_lair_generics_rect

Skill      XL: |  1  2  3  4  5  6  7  8  9 10 11 12 |
---------------+-------------------------------------+-----
Fighting       | 1 2 3 4 5 6 7 8 10 12 | 12.4
Armour         | 1 2 4 5 6 7 9 10 11 13 | 13.3
Maces & Flails | 2 3 4 6 9 12 13 14 15 | 15.6
Dodging        | 3 5 7 9 |  9.7
Shields        | 5 |  5.0
Stealth        | |  1.5
Spellcasting   | |  2.1
Conjurations   | |  0.6
Summonings     | |  0.6
Translocations | |  0.6

Action                     |  1- 3 |  4- 6 |  7- 9 | 10-12 | 13-15 || total
---------------------------+-------+-------+-------+-------+-------++-------
  Melee: Dagger            |    72 |     3 |       |       |       ||    75
         Headbutt          |    19 |    23 |    88 |   152 |     6 ||   288
         Short sword       |    93 |    53 |       |       |       ||   146
         Whip              |       |   114 |   277 |   169 |       ||   560
         Mace              |       |       |   180 |   262 |       ||   442
         Punch             |       |       |     3 |     4 |       ||     7
         Dire flail        |       |       |       |   292 |    29 ||   321
  Throw: Dart              |       |       |     1 |       |       ||     1
         Javelin           |       |       |       |     3 |       ||     3
  Evoke: Wand              |       |       |     3 |     3 |     3 ||     9
    Use: Scroll            |     1 |     5 |    11 |    11 |       ||    28
         Potion            |       |     1 |     1 |     6 |     2 ||    10
 Armour: Chain mail        |    95 |   168 |    77 |   512 |    49 ||   901
         Robe              |     3 |       |       |       |       ||     3
         Plate armour      |       |       |   293 |   186 |       ||   479
         Skin              |       |       |       |    54 |    17 ||    71
  Dodge: Dodged            |    76 |    58 |   131 |   403 |    34 ||   702
  Block: Buckler           |       |       |       |    14 |       ||    14

Table legend: (Time is in decaauts)
 A = Elapsed time spent in this place.
 B = Non-inter-level travel time spent in this place.
 C = Inter-level travel time spent in this place.
 D = Time resting spent in this place.
 E = Time spent auto-exploring this place.
 F = Levels seen in this place.
 G = Mean time per level.
                   A        B        C        D        E       F      G
               +--------+--------+--------+--------+--------+-----+--------+
         Total |  13758 |  12838 |    920 |   1387 |   7481 |  16 |  859.9 |
       Dungeon |  12026 |  11131 |    895 |   1156 |   6574 |  12 | 1002.2 |
        Temple |    126 |    106 |     20 |      0 |      0 |   1 |  126.0 |
          Lair |   1201 |   1196 |      5 |      0 |    887 |   2 |  600.5 |
         Sewer |    404 |    404 |      0 |    231 |     20 |   1 |  404.0 |
               +--------+--------+--------+--------+--------+-----+--------+

Top non-repeatable levels by time:
     D:3: 1300 daAuts
     D:9: 1244 daAuts
     D:2: 1220 daAuts
  Lair:1: 1151 daAuts
     D:1: 1109 daAuts
     D:8: 1072 daAuts
     D:6: 1048 daAuts
    D:11: 1046 daAuts
     D:7: 928 daAuts
     D:5: 896 daAuts
    D:12: 737 daAuts
    D:10: 718 daAuts
     D:4: 702 daAuts
   Sewer: 404 daAuts
  Temple: 126 daAuts
